 Dungeon Crawl Stone Soup version 0.22-a0-877-g5c4e1af (webtiles) character file.

10260 jjfam the Fighter (level 11, -1/105 HPs)
             Began as a Minotaur Berserker on July 29, 2018.
             Was an Elder of Trog.
             Killed by divine providence
             ... invoked by an orc priest
              (14 damage)
             ... on level 11 of the Dungeon.
             The game lasted 00:33:19 (13567 turns).

jjfam the Fighter (Minotaur Berserker)             Turns: 13567, Time: 00:33:19

Health: -1/105     AC: 18    Str: 23    XL:     11   Next: 33%
Magic:  10/10      EV:  9    Int:  4    God:    Trog [****..]
Gold:   841        SH:  0    Dex: 12    Spells: 10/10 levels left

rFire    . . .     SeeInvis .   H - +4 falchion
rCold    . . .     Gourm    .   (no shield)
rNeg     . . .     Faith    .   K - +1 chain mail {MR+}
rPois    .         Spirit   .   (helmet restricted)
rElec    .         Reflect  .   z - +0 cloak
rCorr    .         Harm     .   C - +0 pair of gloves
MR       +....                  y - +0 pair of boots
Stlth    ..........             (no amulet)
HPRegen  0.27/turn              (no ring)
MPRegen  0.12/turn              (no ring)

@: drained
A: retaliatory headbutt, horns 2
a: Berserk, Trog's Hand, Brothers in Arms, Renounce Religion


You were on level 11 of the Dungeon.
You worshipped Trog.
Trog was greatly pleased with you.
You were not hungry.

You visited 1 branch of the dungeon, and saw 11 of its levels.
You also visited: Bailey.

You collected 841 gold pieces.

Inventory:

Hand Weapons
 H - a +4 falchion (weapon)
Missiles
 o - 71 arrows
Armour
 y - a +0 pair of boots (worn)
 z - a +0 cloak (worn)
 C - a +0 pair of gloves (worn)
 K - a +1 chain mail of magic resistance (worn)
Jewellery
 j - a +3 amulet of reflection
Wands
 k - a wand of iceblast (8)
 q - a wand of polymorph (25)
 t - a wand of random effects (46)
 A - a wand of acid (3)
Scrolls
 e - 3 scrolls of magic mapping
 f - 2 scrolls of amnesia
 g - 4 scrolls of teleportation
 h - 2 scrolls of blinking
 l - 7 scrolls of identify
 m - 3 scrolls of remove curse
 E - 4 scrolls of enchant armour {unknown}
 F - 2 scrolls of vulnerability {unknown}
 I - a scroll of noise {unknown}
 L - a scroll of brand weapon {unknown}
Potions
 a - a potion of curing {unknown}
 b - 4 potions of ambrosia
 d - 3 potions of agility {unknown}
 i - a potion of haste
 n - 2 potions of heal wounds {unknown}
 p - a potion of berserk rage {unknown}
 r - a potion of might {unknown}
 s - a potion of brilliance {unknown}
 u - a potion of mutation {unknown}
 v - 2 potions of magic {unknown}
 x - a potion of flight {unknown}
 J - 2 potions of resistance {unknown}
Miscellaneous
 w - a crystal ball of energy
Comestibles
 c - 19 rations


   Skills:
 + Level 12.5 Fighting
   Level 8.4(9.9) Short Blades
 + Level 9.1(10.7) Long Blades
 + Level 12.3(12.2) Armour
 - Level 2.4(2.3) Dodging


You had 10 spell levels left.
You didn't know any spells.
Your spell library was empty.

Dungeon Overview and Level Annotations

Branches:
Dungeon (11/15)            Temple (0/1) D:6            Lair (0/6) D:11
    Orc (0/2) D:11

Altars:
Ashenzari
Elyvilon
Fedhas
Gozag
Kikubaaqudgha
Makhleb
Okawaru
Sif Muna
Uskayaw
Vehumet
The Shining One

Shops:
D:9 (   D:10 =

Annotations:
D:9 3 runed doors, exclusion: door, galech's ghost, novice OgBe


Innate Abilities, Weirdness & Mutations

You reflexively headbutt those who attack you in melee.
You have a pair of horns on your head.


Message History

The orc priest shouts!
The orc warrior hits you but does no damage.
You hit the orc warrior but do no damage.
The orc warrior is severely wounded.
The orc warrior barely misses you.
You hit the orc warrior.
The orc warrior is severely wounded.
You hit the orc warrior.
The orc warrior is almost dead.
The orc warrior hits you with a halberd!
* * * LOW HITPOINT WARNING * * *
You hit the orc warrior but do no damage.
The orc warrior is almost dead.
The orc warrior hits you but does no damage.
You hit the orc warrior.
You kill the orc warrior!
Trog accepts your kill.
The orc priest invokes the aid of Beogh against you.
Beogh smites you!
You die...

*,,* #.### *,** ######'#### ##
*,* #.........####.
********#############.......##...
,,,,,,,,............#.......#....
,,,,,,,,............#.......#..).
,,,,,,,,.##(......).#.......+.)∩)
,,,,,,,,....)...)).)........#..).
,,,,,,,,.....o))@#).#########....
,,,,,,,,.........#.!# #####
,,,,,,,,............#
********#############


You could see an orc priest.

Vanquished Creatures
  Harold (D:10)
  2 two-headed ogres
  Pikel (D:6)
  2 deep elf magi
  An ugly thing (D:10)
  Joseph (D:7)
  An efreet (D:10)
  A queen bee (D:9)
  A hornet (D:11)
  A hippogriff (D:9)
  Sigmund (D:5)
  A wyvern (D:10)
  Menkaure (D:5)
  Edmund (D:4)
  A water moccasin (D:5)
  3 orc warriors
  2 hell hounds (D:11)
  A slave (D:6)
  3 black bears
  2 sky beasts
  3 ice beasts
  A phantom (D:8)
  6 centaurs
  An ogre (D:8)
  Blork the orc (D:5)
  9 bullfrogs
  A wyvern zombie (D:4)
  14 killer bees
  3 scorpions
  3 wights (D:7)
  4 crimson imps
  A quasit (D:8)
  3 hounds
  3 jellies (D:10)
  Crazy Yiuf (D:7)
  4 orc priests
  15 orc wizards
  2 bullfrog skeletons
  An iguana (D:4)
  5 worker ants
  2 hound skeletons
  A worker ant zombie (D:6)
  Robin (D:3)
  A howler monkey zombie (D:9)
  2 gnolls (D:10)
  7 adders
  3 shadow imps
  An ooze (D:1)
  2 adder skeletons (D:4)
  5 worms
  4 dart slugs
  A leopard gecko (D:2)
  34 orcs
  2 bats
  5 giant cockroaches
  15 goblins
  10 hobgoblins
  5 jackals (D:10)
  4 kobolds
  5 quokkas
  2 ball pythons
  4 frilled lizards
  A leopard gecko skeleton (D:5)
  A quokka skeleton (D:4)
  10 rats
237 creatures vanquished.

Vanquished Creatures (collateral kills)
  An orc warrior (D:9)
  A gnoll sergeant (D:10)
  A crimson imp (D:10)
  An orc priest (D:9)
  2 gnolls (D:10)
  An orc (D:9)
7 creatures vanquished.

Vanquished Creatures (others)
  A centaur (D:7)
  3 orc wizards (D:6)
  An orc (D:6)
5 creatures vanquished.

Grand Total: 249 creatures vanquished

Notes
Turn   | Place    | Note
-------+----------+-------------------------------------------
     0 | D:1      | jjfam the Minotaur Berserker began the quest for the Orb.
     0 | D:1      | Reached XP level 1. HP: 19/19 MP: 0/0
   139 | D:1      | Reached XP level 2. HP: 16/27 MP: 1/1
   883 | D:2      | Reached XP level 3. HP: 26/33 MP: 2/2
  1310 | D:2      | Found a white marble altar of Elyvilon.
  1310 | D:2      | Found a shattered altar of Ashenzari.
  1310 | D:2      | Found an iron altar of Okawaru.
  1354 | D:2      | Reached ** piety under Trog
  1690 | D:2      | Reached XP level 4. HP: 40/41 MP: 3/3
  2341 | D:3      | Noticed Robin
  2373 | D:3      | Killed Robin
  2447 | D:3      | Reached skill level 5 in Fighting
  2447 | D:3      | Reached XP level 5. HP: 48/48 MP: 4/4
  2675 | D:3      | Reached *** piety under Trog
  2717 | D:3      | Found a burning altar of Makhleb.
  3254 | D:4      | Noticed Edmund
  3273 | D:4      | Reached skill level 5 in Short Blades
  3273 | D:4      | Reached XP level 6. HP: 10/56 MP: 5/5
  3285 | D:4      | Killed Edmund
  3285 | D:4      | Reached skill level 5 in Armour
  3649 | D:4      | Reached XP level 7. HP: 58/63 MP: 6/6
  4231 | D:5      | Entered Level 5 of the Dungeon
  4490 | D:5      | Noticed Sigmund
  4508 | D:5      | Killed Sigmund
  4792 | D:5      | Found an opulent altar of Gozag.
  4861 | D:5      | Noticed Blork the orc
  4870 | D:5      | Killed Blork the orc
  4870 | D:5      | Reached XP level 8. HP: 70/73 MP: 7/7
  5166 | D:5      | Noticed Menkaure
  5174 | D:5      | Killed Menkaure
  5174 | D:5      | Reached **** piety under Trog
  5876 | D:6      | Noticed Pikel
  5901 | D:6      | Killed Pikel
  5989 | D:6      | Reached XP level 9. HP: 64/82 MP: 8/8
  6568 | D:6      | Found a staircase to the Ecumenical Temple.
  6755 | D:6      | Found an ancient bone altar of Kikubaaqudgha.
  6755 | D:6      | Found a deep blue altar of Sif Muna.
  6771 | D:6      | Found a radiant altar of Vehumet.
  6859 | D:7      | Reached skill level 1 in Long Blades
  7067 | D:7      | Noticed Joseph
  7087 | D:7      | Killed Joseph
  7699 | D:7      | Noticed a hand axe
  7699 | D:7      | Noticed a dagger
  7709 | D:7      | Reached skill level 10 in Fighting
  8054 | D:7      | Found a runed door.
  8093 | D:7      | Found a hide-covered altar of Uskayaw.
  8651 | D:7      | Noticed Crazy Yiuf
  8655 | D:7      | Killed Crazy Yiuf
  9284 | D:8      | Reached skill level 10 in Armour
  9403 | D:8      | Reached skill level 5 in Long Blades
  9722 | D:8      | Reached XP level 10. HP: 92/94 MP: 9/9
  9861 | D:9      | Found Otacvu's Weapon Boutique.
  9861 | D:9      | Noticed a two-headed ogre
  9878 | D:8      | Killed a two-headed ogre
 10465 | D:9      | Found a blossoming altar of Fedhas.
 10823 | D:9      | Noticed a sphinx
 10824 | D:9      | Noticed galech's ghost (novice OgBe)
 10827 | D:9      | Noticed a six-headed hydra
 10836 | D:9      | Found a runed gate.
 10837 | D:9      | Found a runed gate.
 10838 | D:9      | Found a runed gate.
 10994 | D:9      | Found a glowing golden altar of the Shining One.
 11207 | D:10     | Entered Level 10 of the Dungeon
 11478 | D:10     | Noticed a two-headed ogre
 11487 | D:10     | Killed a two-headed ogre
 11511 | D:10     | Noticed a green ugly thing
 11524 | D:10     | Killed a green ugly thing
 11841 | D:10     | Found an iron altar of Okawaru.
 11863 | D:10     | Reached XP level 11. HP: 42/104 MP: 10/10
 12244 | D:10     | Found Etwuimp's Jewellery Shoppe.
 12269 | D:10     | Noticed Harold
 12288 | D:10     | Killed Harold
 12776 | D:11     | Found a staircase to the Lair.
 12805 | D:11     | Found a flagged portal.
 12811 | Bailey   | Entered a bailey
 12889 | Bailey   | Noticed a deep elf mage
 12907 | Bailey   | Killed a deep elf mage
 13300 | Bailey   | Noticed a deep elf mage
 13301 | Bailey   | Noticed a deep elf mage
 13301 | Bailey   | Noticed a deep elf mage
 13301 | Bailey   | Noticed a deep elf mage
 13301 | Bailey   | Noticed a deep elf mage
 13301 | Bailey   | Noticed a deep elf mage
 13306 | Bailey   | Noticed a sun demon
 13314 | D:11     | Killed a deep elf mage
 13567 | D:11     | Killed from afar by an orc priest

Vault maps used:
D:1:      moated_graveyard_arrival
D:2:      gammafunk_temple_overflow_forgotten
D:3:      nicolae_overflow_hidden_temple, corexii_corridor_pit, uniq_robin
D:4:      uniq_edmund
D:5:      nicolae_overflow_crystal_walls, first_ration, uniq_sigmund,
          uniq_blork_the_orc, uniq_menkaure
D:6:      palyth_temple_overflow_mages, minmay_temple_entry_nine_rooms,
          uniq_pikel
D:7:      black_bear_nest_1, dancing_weapons_uskayaw, uniq_joseph,
          uniq_crazy_yiuf_cottage
D:9:      lemuel_doored_altar, gammafunk_ghost_split, serial_shops, shop,
          david_nohive_1, nicolae_tso_swordbearing_angel
D:10:     minmay_distorted_concentric_squares, basic_altar, serial_shops, shop,
          uniq_harold
D:11:     minmay_lair_entry_lava, erik_orc_1, enter_bailey_2
Bailey:   bailey_polearm_3, bailey

Skill      XL: |  1  2  3  4  5  6  7  8  9 10 11 |
---------------+----------------------------------+-----
Fighting       | 4 5 6 7 8 10 12 | 12.5
Armour         | 3 4 5 6 8 10 11 12 | 12.3
Short Blades   | 4 5 6 8 |  8.4
Long Blades    | 5 8 9 |  9.1
Dodging        | |  2.4

Action                   |  1- 3 |  4- 6 |  7- 9 | 10-12 || total
-------------------------+-------+-------+-------+-------++-------
Melee: Short sword       |    66 |   178 |   135 |       ||   379
       Headbutt          |    19 |    35 |    72 |    55 ||   181
       Dagger            |       |       |    42 |       ||    42
       Falchion          |       |       |   107 |   234 ||   341
       Scimitar          |       |       |     3 |       ||     3
Invok: Berserk           |       |     3 |     4 |     6 ||    13
       Trog's Hand       |       |     2 |     1 |     5 ||     8
       Brothers in Arms  |       |       |       |     4 ||     4
  Use: Scroll            |       |       |     6 |     4 ||    10
 Stab: Sleeping          |       |     1 |       |       ||     1
  Eat: Chunk             |     2 |     7 |    16 |    12 ||    37
       Ration            |       |     1 |     2 |     3 ||     6
Armor: Animal skin       |     7 |     4 |       |       ||    11
       Ring mail         |       |    49 |    99 |       ||   148
       Chain mail        |       |       |    29 |   146 ||   175
Dodge: Dodged            |    33 |    63 |   145 |   133 ||   374
Block: Other             |       |    11 |    33 |    40 ||    84
       Reflection        |       |       |     4 |     1 ||     5
       Rpst.: Falchion   |       |       |    12 |    33 ||    45

Table legend:
 A = Spawn XP
 B = Non-spawn XP
 C = Spawn XP percentage of total XP
 D = Spawn monster count
 E = Non-spawn monster count
 F = Spawn count percentage of total count
 G = Total turns spent on level
                    A         B        C        D         E        F      G
               +---------+---------+-------+---------+---------+-------+---------
         Total |       0 |   14658 |   0.0 |       0 |     244 |   0.0 | 13567
               +---------+---------+-------+---------+---------+-------+---------
           D:1 |       0 |      36 |   0.0 |       0 |      18 |   0.0 |   859
           D:2 |       0 |     100 |   0.0 |       0 |      25 |   0.0 |  1474
           D:3 |       0 |      83 |   0.0 |       0 |      31 |   0.0 |   771
           D:4 |       0 |     588 |   0.0 |       0 |      23 |   0.0 |  1180
           D:5 |       0 |    1060 |   0.0 |       0 |      14 |   0.0 |  1571
           D:6 |       0 |    1351 |   0.0 |       0 |      17 |   0.0 |  1104
           D:7 |       0 |    1605 |   0.0 |       0 |      21 |   0.0 |  2128
           D:8 |       0 |    1813 |   0.0 |       0 |      18 |   0.0 |  1104
           D:9 |       0 |    2024 |   0.0 |       0 |      29 |   0.0 |  1146
          D:10 |       0 |    3904 |   0.0 |       0 |      30 |   0.0 |  1288
          D:11 |       0 |    1550 |   0.0 |       0 |      17 |   0.0 |   444
        Bailey |       0 |     544 |   0.0 |       0 |       1 |   0.0 |   498
               +---------+---------+-------+---------+---------+-------+---------
